 Dungeon Crawl Stone Soup version 0.29-a0-477-g62b78b4225 (webtiles) character file.

Game seed: 17099096721810472972

2087 rabbitsville the Purveyor of Pain (level 9, -3/71 HPs)
             Began as a Demonspawn Necromancer on May 24, 2022.
             Was an Initiate of Kikubaaqudgha.
             Slain by a four-headed hydra (15 damage)
             ... on level 7 of the Dungeon.
             The game lasted 00:31:02 (7679 turns).

rabbitsville the Purveyor of Pain (DsNe)            Turns: 7679, Time: 00:31:03

Health: -3/71      AC:  5    Str: 10    XL:     9   Next: 6%
Magic:  5/17       EV: 12    Int: 18    God:    Kikubaaqudgha [......]
Gold:   294        SH:  0    Dex: 15    Spells: 13/19 levels left

rFire   . . .      SeeInvis .   r - +0 dagger (venom)
rCold   . . .      Faith    .   (no shield)
rNeg    . . .      Spirit   .   a - +0 robe
rPois   .          Reflect  .   (no helmet)
rElec   .          Harm     .   (no cloak)
rCorr   .          Rampage  .   k - +0 pair of gloves
Will    .....                   (no boots)
Stlth   ++........              (no amulet)
HPRegen 0.21/turn               (no ring)
MPRegen 0.15/turn               (no ring)

@: no status effects
A: rugged brown scales 2, demonic guardian 1, foul stench 2, demonic touch 2
a: Renounce Religion


You were on level 7 of the Dungeon.
You worshipped Kikubaaqudgha.
Kikubaaqudgha was noncommittal.
You visited 2 branches of the dungeon, and saw 8 of its levels.

You collected 294 gold pieces.

Inventory:

Hand Weapons
 r - a +0 dagger of venom (weapon)
Missiles
 y - a throwing net
Armour
 a - a +0 robe (worn)
 k - a +0 pair of gloves (worn)
Wands
 d - a wand of iceblast (7)
 u - a wand of mindburst (24)
 x - a wand of flame (9)
Scrolls
 c - a scroll of vulnerability {unknown}
 e - 4 scrolls of identify
 f - a scroll of enchant weapon {unknown}
 j - 2 scrolls of amnesia
 m - a scroll of noise {unknown}
 o - 2 scrolls of immolation {unknown}
 q - 5 scrolls of teleportation {unknown}
 s - a scroll of fog {unknown}
 t - 2 scrolls of enchant armour {unknown}
 v - a scroll of fear {unknown}
Potions
 b - a potion of magic
 g - 3 potions of curing
 h - a potion of brilliance {unknown}
 i - 2 potions of attraction
 l - a potion of degeneration {unknown}
 n - a potion of cancellation {unknown}
 p - 2 potions of might {unknown}
 w - a potion of mutation {unknown}
 z - a potion of haste


   Skills:
 * Level 5.6 Fighting
 - Level 1.7 Dodging
 - Level 1.7 Stealth
 + Level 5.6 Spellcasting
 - Level 3.9 Conjurations
 + Level 7.7 Necromancy
 - Level 3.5 Air Magic
 - Level 1.6 Earth Magic


You had 13 spell levels left.
You knew the following spells:

 Your Spells              Type           Power      Damage    Failure   Level
a - Necrotize             Necr           100%       1d9       1%          1
b - Static Discharge      Conj/Air       18%        N/A       4%          2
c - Vampiric Draining     Necr           33%        2d8       1%          3

Your spell library contained the following spells:

 Spells                   Type           Power      Damage    Failure   Level
 Animate Dead             Necr           33%        N/A       4%          4
 Dispel Undead            Necr           33%        3d14      4%          4
 Mephitic Cloud           Conj/Pois/Air  14%        N/A       13%         3
 Agony                    Necr           33%        N/A       14%         5
 Ignite Poison            Fire/Tmut/Pois 5%         N/A       36%         3
 Sticky Flame             Conj/Fire      12%        2d4       50%         4
 Petrify                  Tmut/Erth      8%         N/A       65%         4
 Freezing Cloud           Conj/Ice/Air   7%         6-21      77%         5
 Metabolic Englaciation   Hex/Ice        2%         N/A       98%         5
 Statue Form              Tmut/Erth      5%         N/A       100%        6
 Chain Lightning          Conj/Air       9%         3d12      100%        9
 Fire Storm               Conj/Fire      6%         8d2       100%        9
 Shatter                  Erth           5%         3d8*      100%        9


Dungeon Overview and Level Annotations

Branches:
Dungeon (7/15)             Temple (1/1) D:6

Altars:
Ashenzari
Cheibriados
Dithmenos
Elyvilon
Fedhas
Gozag
Kikubaaqudgha
Makhleb
Okawaru
Ru
Sif Muna
Trog
Uskayaw
Vehumet
Wu Jian
Xom
Yredelemnul
Zin
The Shining One


Innate Abilities, Weirdness & Mutations

You are mostly covered in rugged brown scales. (AC +2, +5% HP)
A weak demonic guardian rushes to your aid.
You sometimes emit foul miasma when damaged in melee.
Your touch may inflict irresistible damage on your foes.


Message History

The four-headed hydra resists with significant effort.
The four-headed hydra resists with significant effort.
The four-headed hydra is struck by an arc of lightning.
The four-headed hydra is lightly wounded.
You are struck by an arc of lightning.
The lightning grounds out.
The four-headed hydra closely misses you.
The four-headed hydra completely misses you.
The four-headed hydra barely misses you.
The four-headed hydra bites you!
You emit a cloud of foul miasma!
The four-headed hydra is struck by an arc of lightning.
The four-headed hydra is lightly wounded.
The lightning grounds out.
The four-headed hydra is engulfed in dark miasma.
The four-headed hydra is poisoned.
The four-headed hydra seems to slow down.
The four-headed hydra barely misses you.
The four-headed hydra bites you.
The four-headed hydra barely misses you.
The four-headed hydra bites you.
The four-headed hydra is struck by an arc of lightning.
The four-headed hydra is moderately wounded.
You are struck by an arc of lightning.
The lightning grounds out.
The four-headed hydra is engulfed in dark miasma.
The four-headed hydra bites you but does no damage. x2
The four-headed hydra barely misses you.
The four-headed hydra bites you!
You are too injured to fight recklessly!
Aiming: Vampiric Draining (safe; 1% risk of failure)
Press: ? - help, Q - select action, (/) - cycle Shift-Dir - straight line, f - four-headed hydra
Aim: a four-headed hydra (foul pestilence, moderately wounded, poisoned, slow)
You draw life force from the four-headed hydra!
You feel life coursing into your body.
The four-headed hydra is engulfed in dark miasma.
The four-headed hydra bites you. The four-headed hydra bites you!
* * * LOW HITPOINT WARNING * * *
A demonic guardian appears!
The four-headed hydra bites you.
* * * LOW HITPOINT WARNING * * *
The four-headed hydra bites you!
You die...
Kikubaaqudgha rasps: "You have failed me!
Welcome... death!"

####### #
##...<.#..
##............
#5.@..........
#..)D.........
#..<).........
#.............
#.#$..........
...#.#.#.......
........#.#..
#.....##.. .#?
..... . ... #


You could see a four-headed hydra (poisoned, slow, ally target) and a friendly
quasit (summoned).

Vanquished Creatures
  Pikel (D:6)
  Sigmund (D:3)
  A water moccasin (D:5)
  An ice beast (D:6)
  A black bear (D:4)
  3 lemures (D:6)
  A kobold brigand (D:7)
  3 scorpions
  A bullfrog (D:7)
  A necrophage (D:6)
  2 gnoll sergeants
  4 killer bees (D:6)
  A jelly (D:6)
  5 hounds
  An iguana (D:4)
  Robin (D:3)
  9 gnolls
  8 adders
  A worm (D:5)
  3 dart slugs
  9 orcs
  6 ball pythons
  7 endoplasms
  4 giant cockroaches
  10 goblins
  9 hobgoblins
  2 jackals
  6 kobolds
  4 quokkas
  A bat (D:1)
  6 frilled lizards
  7 rats
120 creatures vanquished.

Vanquished Creatures (collateral kills)
  A necrophage (D:6)
  An adder (D:5)
  A dart slug (D:4)
  A ball python (D:4)
  A giant cockroach (D:4)
  4 jackals
  2 goblins (D:3)
11 creatures vanquished.

Grand Total: 131 creatures vanquished

Notes
Turn   | Place    | Note
-------+----------+-------------------------------------------
     0 | D:1      | rabbitsville the Demonspawn Necromancer began the quest for
                  | the Orb.
     0 | D:1      | Reached XP level 1. HP: 13/13 MP: 3/3
   195 | D:1      | Gained mutation: You may rarely emit foul miasma when
                  | damaged in melee. [demonic ancestry]
   195 | D:1      | Reached XP level 2. HP: 19/19 MP: 1/5
   939 | D:2      | Reached skill level 5 in Necromancy
   939 | D:2      | Gained mutation: You are partially covered in rugged brown
                  | scales. (AC +1, +3% HP) [demonic ancestry]
   939 | D:2      | Reached XP level 3. HP: 16/24 MP: 1/7
  1725 | D:3      | Noticed Robin
  1733 | D:3      | Killed Robin
  1767 | D:3      | Gained mutation: You sometimes emit foul miasma when
                  | damaged in melee. [demonic ancestry]
  1767 | D:3      | Reached XP level 4. HP: 30/30 MP: 1/8
  2181 | D:3      | Noticed Sigmund
  2332 | D:4      | Noticed a black bear
  2617 | D:4      | Killed a black bear
  2618 | D:4      | Reached skill level 6 in Necromancy
  2618 | D:4      | Reached skill level 1 in Earth Magic
  2618 | D:4      | Gained mutation: A weak demonic guardian rushes to your
                  | aid. [demonic ancestry]
  2618 | D:4      | Reached XP level 5. HP: 22/36 MP: 1/10
  3172 | D:4      | Reached XP level 6. HP: 42/42 MP: 8/12
  3668 | D:5      | Entered Level 5 of the Dungeon
  3865 | D:5      | Noticed a water moccasin
  3872 | D:5      | Killed a water moccasin
  3873 | D:5      | Reached skill level 1 in Air Magic
  4070 | D:5      | Gained mutation: Your touch may inflict minor irresistible
                  | damage on your foes. [demonic ancestry]
  4070 | D:5      | Reached XP level 7. HP: 47/47 MP: 8/13
  4581 | D:6      | Found a staircase to the Ecumenical Temple.
  4588 | Temple   | Entered the Ecumenical Temple
  4863 | Temple   | Became a worshipper of Kikubaaqudgha
  4914 | D:6      | Learned a level 2 spell: Static Discharge
  5513 | D:6      | Learned a level 3 spell: Vampiric Draining
  5738 | D:3      | Killed Sigmund
  5739 | D:3      | Reached skill level 1 in Fighting
  6267 | D:7      | Gained mutation: You are mostly covered in rugged brown
                  | scales. (AC +2, +5% HP) [demonic ancestry]
  6267 | D:7      | Reached XP level 8. HP: 45/58 MP: 9/14
  6287 | D:7      | Noticed a four-headed hydra
  6678 | D:6      | Noticed Pikel
  6709 | D:6      | Killed Pikel
  6710 | D:6      | Reached skill level 5 in Spellcasting
  6710 | D:6      | Reached skill level 7 in Necromancy
  6910 | D:6      | Reached skill level 5 in Fighting
  7451 | D:6      | Gained mutation: Your touch may inflict irresistible damage
                  | on your foes. [demonic ancestry]
  7451 | D:6      | Reached XP level 9. HP: 50/70 MP: 4/17
  7679 | D:7      | Slain by a four-headed hydra

Illustrated notes

Levels and vault maps discovered:
D:1:      roderic_dead_forest, layout_loops_ring
D:2:      layout_basic
D:3:      layout_basic, uniq_sigmund, uniq_robin
D:4:      layout_basic
D:5:      layout_rooms
D:6:      layout_gridville, minmay_temple_entry_hall, corexii_checkpoint_a,
          minmay_tree_intersection, uniq_pikel
D:7:      nicolae_cairo_tiling_large_dashed, layout_rooms, grunt_qazlal_clouds
Temple:   mainiacjoe_temple_bowtie_tessellation

Skill      XL: |  1  2  3  4  5  6  7  8 |
---------------+-------------------------+-----
Necromancy     | 5 6 7 |  7.7
Spellcasting   | 3 4 5 |  5.6
Earth Magic    | 1 |  1.6
Conjurations   | 2 3 |  3.9
Air Magic      | 2 3 |  3.5
Fighting       | 2 5 |  5.6
Dodging        | |  1.7
Stealth        | |  1.7

Action                   |  1- 3 |  4- 6 |  7- 9 || total
-------------------------+-------+-------+-------++-------
Melee: Mace              |     1 |     1 |       ||     2
       Spear             |       |     2 |       ||     2
       Dagger            |       |     4 |    23 ||    27
       Punch             |       |     1 |       ||     1
       Touch             |       |       |     4 ||     4
 Cast: Necrotize         |    65 |    88 |   106 ||   259
       Static Discharge  |       |       |    35 ||    35
       Vampiric Draining |       |       |     4 ||     4
Evoke: Wand              |       |       |     4 ||     4
  Use: Scroll            |     4 |       |       ||     4
       Potion            |       |       |     3 ||     3
Armor: Robe              |       |     5 |    19 ||    24
Dodge: Dodged            |     8 |    20 |    69 ||    97

Table legend: (Time is in decaauts)
 A = Elapsed time spent in this place.
 B = Non-inter-level travel time spent in this place.
 C = Inter-level travel time spent in this place.
 D = Time resting spent in this place.
 E = Time spent auto-exploring this place.
 F = Levels seen in this place.
 G = Mean time per level.
                   A        B        C        D        E       F      G
               +--------+--------+--------+--------+--------+-----+--------+
         Total |   7643 |   7308 |    335 |    929 |   4846 |   8 |  955.4 |
       Dungeon |   7342 |   7067 |    275 |    929 |   4644 |   7 | 1048.9 |
        Temple |    300 |    240 |     60 |      0 |    202 |   1 |  300.0 |
               +--------+--------+--------+--------+--------+-----+--------+

Top non-repeatable levels by time:
     D:6: 2222 daAuts
     D:4: 1366 daAuts
     D:5: 1081 daAuts
     D:3: 962 daAuts
     D:1: 928 daAuts
     D:2: 569 daAuts
  Temple: 300 daAuts
     D:7: 211 daAuts
